 Dungeon Crawl Stone Soup version 0.29.0-11-gd7f09526c8 (webtiles) character file.

Game seed: 555334062235123010

1784551 inmateoo the Crack Shot (level 26, 327/327 HPs)
             Began as a Demonspawn Hunter on Sept 5, 2022.
             Was the Champion of Okawaru.
             Escaped with the Orb
             ... and 3 runes on Sept 6, 2022!
             The game lasted 02:12:52 (61904 turns).

inmateoo the Crack Shot (Demonspawn Hunter)        Turns: 61904, Time: 02:12:53

Health: 327/327    AC: 21    Str: 20    XL:     26   Next: 89%
Magic:  29/36      EV: 43    Int: 22    God:    Okawaru [******]
Gold:   6202       SH:  5    Dex: 33    Spells: 10/53 levels left

rFire   + + +      SeeInvis +   a - +9 triple crossbow (elec)
rCold   + . .      Faith    .   (shield currently unavailable)
rNeg    + . .      Spirit   +   g - +5 leather armour of the Bard {rElec Dex+6}
rPois   +          Reflect  +   (helmet unavailable)
rElec   +          Harm     .   l - +2 cloak {Will+}
rCorr   +          Rampage  +   T - +0 pair of gloves "Haefiax" {Rampage rN+ Stlth+}
Will    +++..                   p - +4 pair of boots of the Meadowlark {rF+ Str+6}
Stlth   ..........              S - amulet "Fywitihe" {Reflect Regen+ SH+5}
HPRegen 1.44/turn               U - ring "Capn" {rPois Dex+3}
MPRegen 0.50/turn               W - ring of Esudasu {rF+ Str+3 Slay+4}

@: mighty, brilliant, berserking, swift, resistant, heroic, flying, hasted,
invisible, very quick
A: antennae 3, ignite blood 3, torment resistance 1, magic shield, magic
regeneration, magic link, big brain 3, demonic willpower, clever 1, clumsy 1,
low MP 1, mutation resistance 1, inability to drink after injury 1
0: Orb of Zot
}: 3/15 runes: serpentine, barnacled, slimy
a: Renounce Religion, Heroism, Finesse, Duel


You escaped.
You worshipped Okawaru.
Okawaru was exalted by your worship.
You visited 11 branches of the dungeon, and saw 52 of its levels.
You also visited: Ice Cave, Wizlab and Desolation.

You collected 8345 gold pieces.
You spent 2143 gold pieces at shops.

Inventory:

Hand Weapons
 a - a +9 triple crossbow of electrocution (weapon)
 b - the +18 lance "Wyrmbane" {slay drac, rPois rF+ rC+ AC+3}
   (You found it on level 1 of the Depths)

   It inflicts extra damage against dragons and draconians.
   AC:        It affects your AC (+3).
   rF:        It protects you from fire.
   rC:        It protects you from cold.
   rPois:     It protects you from poison.
 d - the +8 longbow "Pukusm" {vorpal, rElec rF- rN+}
   (Okawaru gifted it to you on level 4 of the Lair of Beasts)

   Any ammunition fired from it inflicts extra damage upon your enemies.
   rF:        It makes you vulnerable to fire.
   rElec:     It insulates you from electricity.
   rN:        It protects you from negative energy.
 K - the +7 arbalest of the Imperium {vorpal, Stlth+}
   (You found it on level 3 of the Elven Halls)

   Any ammunition fired from it inflicts extra damage upon your enemies.
   Stlth:     It makes you more stealthy.
Missiles
 E - 6 throwing nets
Armour
 e - the +7 Kryia's mail coat {PotionHeal*2 rC+}
   (Okawaru gifted it to you on level 4 of the Vaults)

   Potions are twice as effective at healing its wearer.
   rC:        It protects you from cold.
 g - the +5 leather armour of the Bard (worn) {rElec Dex+6}
   (You took it off a wight on level 9 of the Dungeon)

   Dex:       It affects your dexterity (+6).
   rElec:     It insulates you from electricity.
 l - a +2 cloak of willpower (worn)
 p - the +4 pair of boots of the Meadowlark (worn) {rF+ Str+6}
   (Okawaru gifted it to you on level 3 of the Realm of Zot)

   Str:       It affects your strength (+6).
   rF:        It protects you from fire.
 s - the +1 ring mail of Supple Strength {rElec rPois rCorr Stlth+}
   (Okawaru gifted it to you on level 10 of the Dungeon)

   rElec:     It insulates you from electricity.
   rPois:     It protects you from poison.
   rCorr:     It protects you from acid and corrosion.
   Stlth:     It makes you more stealthy.
 A - the +0 pair of boots "Kosal" {rC+ Slay+3}
   (Okawaru gifted it to you on level 3 of the Shoals)

   Slay:      It affects your accuracy & damage with ranged weapons and melee
   (+3).
   rC:        It protects you from cold.
 H - a scarf of resistance
 M - +0 gold dragon scales
 T - the +0 pair of gloves "Haefiax" (worn) {Rampage rN+ Stlth+}
   (Okawaru gifted it to you on level 12 of the Dungeon)

   rN:        It protects you from negative energy.
   Rampage:   It bestows one free step when moving towards enemies.
   Stlth:     It makes you more stealthy.
Jewellery
 B - a ring of resist corrosion
 S - the amulet "Fywitihe" (around neck) {Reflect Regen+ SH+5}
   (You found it on level 10 of the Dungeon)

   [amulet of reflection]

   It reflects blocked missile attacks.
   Regen:     It increases your rate of health regeneration.
   SH:        It affects your SH (+5).
 U - the ring "Capn" (left hand) {rPois Dex+3}
   (You found it on level 3 of the Elven Halls)

   [ring of poison resistance]

   Dex:       It affects your dexterity (+3).
   rPois:     It protects you from poison.
 W - the ring of Esudasu (right hand) {rF+ Str+3 Slay+4}
   (You found it in an ice cave)

   [ring of slaying]

   Str:       It affects your strength (+3).
   Slay:      It affects your accuracy & damage with ranged weapons and melee
   (+4).
   rF:        It protects you from fire.
Wands
 h - a wand of flame (68)
 q - a wand of digging (22)
 z - a wand of polymorph (23)
 D - a wand of roots (25)
 N - a wand of mindburst (44)
 O - a wand of light (19)
Scrolls
 c - 6 scrolls of silence
 f - 3 scrolls of poison
 m - 12 scrolls of teleportation
 x - 2 scrolls of brand weapon
 y - 2 scrolls of blinking
 C - 9 scrolls of enchant armour
 F - 4 scrolls of magic mapping
 I - 10 scrolls of fear
 L - 2 scrolls of amnesia
 V - a scroll of enchant weapon
Potions
 i - 15 potions of heal wounds
 j - 11 potions of brilliance
 k - 8 potions of mutation
 n - 4 potions of might
 o - 4 potions of haste
 r - 6 potions of lignification
 t - 32 potions of curing
 u - 11 potions of flight
 v - 14 potions of ambrosia
 w - 5 potions of invisibility
 G - 5 potions of resistance
 J - 2 potions of berserk rage
 P - 6 potions of cancellation
 R - 5 potions of magic
Miscellaneous
 Q - a condenser vane


   Skills:
 - Level 20.0(25.0) Fighting
 - Level 8.9(18.6) Axes
 + Level 16.2(22.0) Polearms
 - Level 24.0(27) Ranged Weapons
 - Level 10.0(15.0) Armour
 - Level 20.0(25.0) Dodging
 - Level 10.0(15.0) Stealth
 - Level 14.0 Spellcasting
 - Level 8.0 Conjurations
 - Level 10.0 Translocations
 - Level 10.0 Air Magic
 - Level 12.0 Invocations
 - Level 10.0 Evocations


You had 10 spell levels left.
You knew the following spells:

 Your Spells              Type           Power      Damage    Failure   Level
a - Swiftness             Air            73%        N/A       1%          3
b - Airstrike             Air            36%        2d(6-22)  1%          4
c - Lightning Bolt        Conj/Air       35%        1d53      1%          5
d - Apportation           Tloc           100%       N/A       1%          1
e - Blink                 Tloc           100%       N/A       1%          2
f - Passwall              Tmut/Erth      19%        N/A       2%          2
g - Passage of Golubria   Tloc           73%        N/A       1%          4
h - Manifold Assault      Tloc           73%        N/A       1%          5
i - Freezing Cloud        Conj/Ice/Air   29%        6-21      4%          5
j - Dispersal             Tloc           36%        N/A       4%          6
k - Conjure Ball Lightni  Conj/Air       35%        3x3d11    7%          6

Your spell library contained the following spells:

 Spells                   Type           Power      Damage    Failure   Level
 Beastly Appendage        Tmut           46%        N/A       1%          1
 Magic Dart               Conj           100%       1d8       1%          1
 Necrotise                Necr           92%        1d8       1%          1
 Shock                    Conj/Air       100%       1d9       1%          1
 Slow                     Hex            92%        N/A       1%          1
 Sting                    Tmut/Pois      92%        1d7       1%          1
 Poisonous Vapours        Pois/Air       100%       N/A       1%          2
 Gell's Gravitas          Tloc           73%        N/A       1%          3
 Lesser Beckoning         Tloc           73%        N/A       1%          3
 Mephitic Cloud           Conj/Pois/Air  58%        N/A       1%          3
 Portal Projectile        Hex/Tloc       100%       N/A       1%          3
 Teleport Other           Tloc           73%        N/A       1%          3
 Iskenderun's Mystic Bla  Conj/Tloc      70%        2d14      1%          4
 Ensorcelled Hibernation  Hex/Ice        46%        N/A       2%          2
 Sublimation of Blood     Necr           23%        N/A       2%          2
 Wereblood                Tmut           23%        N/A       2%          2
 Fulminant Prism          Conj/Hex       24%        3d13      3%          4
 Hailstorm                Conj/Ice       49%        3d11      3%          4
 Corpse Rot               Necr/Pois/Air  45%        N/A       4%          4
 Confusing Touch          Hex            23%        N/A       5%          3
 Frozen Ramparts          Ice            46%        1d7       5%          3
 Ignite Poison            Fire/Tmut/Pois 23%        N/A       5%          3
 Ozocubu's Armour         Ice            23%        N/A       5%          3
 Spider Form              Tmut/Pois      23%        N/A       5%          3
 Vampiric Draining        Necr           23%        2d7       5%          3
 Silence                  Hex/Air        27%        N/A       6%          5
 Irradiate                Conj/Tmut      24%        3d19      10%         5
 Cause Fear               Hex            11%        N/A       17%         4
 Dispel Undead            Necr           23%        3d12      17%         4
 Ice Form                 Ice/Tmut       23%        N/A       17%         4
 Agony                    Necr           23%        N/A       43%         5
 Alistair's Intoxication  Tmut/Pois      15%        N/A       43%         5
 Blade Hands              Tmut           11%        N/A       43%         5
 Lee's Rapid Deconstruct  Erth           11%        3d9*      43%         5
 Metabolic Englaciation   Hex/Ice        11%        N/A       43%         5
 Yara's Violent Unravell  Hex/Tmut       11%        3d6       43%         5
 Iron Shot                Conj/Erth      24%        9d5       45%         6
 Starburst                Conj/Fire      24%        6d8       45%         6
 Storm Form               Tmut/Air       27%        N/A       86%         7
 Dragon Form              Tmut           11%        N/A       100%        7
 Enfeeble                 Hex            11%        N/A       100%        7
 Borgnjor's Revivificati  Necr           11%        N/A       100%        8
 Lehudib's Crystal Spear  Conj/Erth      24%        10d7      100%        8
 Necromutation            Tmut/Necr      11%        N/A       100%        8
 Chain Lightning          Conj/Air       35%        3d46      100%        9
 Death's Door             Necr           11%        N/A       100%        9
 Fire Storm               Conj/Fire      24%        8d6       100%        9
 Shatter                  Erth           11%        3d12*     100%        9
 Call Imp                 Summ           Unusable   N/A       N/A         2
 Summon Lightning Spire   Summ/Air       Unusable   N/A       N/A         4
 Tukima's Dance           Hex            Unusable   N/A       N/A         3
 Animate Armour           Summ/Erth      Unusable   N/A       N/A         4
 Summon Ice Beast         Ice/Summ       Unusable   N/A       N/A         4
 Simulacrum               Ice/Necr       Unusable   N/A       N/A         6
 Haunt                    Necr/Summ      Unusable   N/A       N/A         7
 Summon Hydra             Summ           Unusable   N/A       N/A         7
 Dragon's Call            Summ           Unusable   N/A       N/A         9

Dungeon Overview and Level Annotations

Branches:
Dungeon (15/15)            Temple (1/1) D:5            Lair (5/5) D:10
 Shoals (4/4) Lair:2        Snake (4/4) Lair:2        Slime (5/5) Lair:5
    Orc (2/2) D:11            Elf (3/3) Orc:2        Vaults (4/5) D:14
  Crypt (0/3) Vaults:3     Depths (4/4) D:15            Zot (5/5) Depths:4
  IceCv (visited)          WizLab (visited)         Desolation (visited)

Altars:
Ashenzari
Cheibriados
Gozag
Kikubaaqudgha
Makhleb
Nemelex Xobeh
Okawaru
Qazlal
Ru
Sif Muna
Trog
Uskayaw
Vehumet
Wu Jian
Xom
Yredelemnul
Lugonu

Shops:
D:2 :(*:(   Orc:2 [:**   Elf:1 ::=   Vaults:4 !   Zot:3 *   Depths:1 :*
Depths:2 *   Depths:4 [*![

Portals:
Hell: Depths:1 Depths:2 Depths:3 Depths:4
Abyss: Lair:5 Depths:1 Depths:3
Pandemonium: Orc:2 Depths:1 Depths:2 Depths:3
Ziggurat: Depths:2

Annotations:
Shoals:1 3 runed translucent doors, Liecax Pyhi's ghost, adept MiFi; arthad's ghost, adept VSFi
Elf:1 1 runed translucent door, rigao's ghost, adept TrTm
Depths:2 2 transporters, exclusions: door and 2 more exclusions, ioannis32's ghost, veteran DsBe
Zot:3 3 runed translucent doors, exclusion: obsidian statue, Hicanoach's ghost, master DsGl


Innate Abilities, Weirdness & Mutations

You have a pair of large antennae on your head. (SInv)
Your demonic aura causes all spilled blood to erupt in flames.
You are resistant to unholy torment.
When hurt, damage is shared between your health and your magic reserves.
You regenerate magic rapidly.
When low on magic, you restore magic in place of health.
You have an absolutely massive brain. (Int +6, Wiz)
You punish those that try to bend your will. (Will+)
Your mind is acute. (Int +4, Str/Dex -1)
You are clumsy. (Dex -2)
Your magical capacity is low. (-10% MP)
You are somewhat resistant to further mutation.
You occasionally lose the ability to drink potions when taking damage.


Message History

The Orb disrupts the stability of your passage!
You enter the passage of Golubria.
There is a passage of Golubria here.
Casting: Passage of Golubria (safe; 1% risk of failure)
Confirm with . or Enter, or press ? or * to list all spells.
Aiming: Passage of Golubria (safe; 1% risk of failure)
Press: ? - help, Dir - move target The Orb disrupts the stability of your passage!
You enter the passage of Golubria.
Casting: Passage of Golubria (safe; 1% risk of failure)
Confirm with . or Enter, or press ? or * to list all spells.
Aiming: Passage of Golubria (safe; 1% risk of failure)
Press: ? - help, Dir - move target The Orb disrupts the stability of your passage!
You enter the passage of Golubria.
You enter the passage of Golubria.
You enter the passage of Golubria.
There is a stone staircase leading up here.
You climb upwards.
There is a stone staircase leading down here.
There is a staircase leading out of the dungeon here.
You feel clever all of a sudden.
You feel very mighty all of a sudden.
You feel yourself speed up.
You feel very buoyant.
You fly up into the air.
You fade into invisibility!
You feel protected.
Okay, then.
Casting: Passage of Golubria (safe; 1% risk of failure)
Confirm with . or Enter, or press ? or * to list all spells.
You feel a surge of power!
You feel quick.
You gain the combat prowess of a mighty hero.
You can now deal lightning-fast blows.
Okay, then.
Do you really want to go berserk while wielding your +9 triple crossbow of electrocution?
A red film seems to cover your vision as you go berserk!
Your finesse ends abruptly.
You feel yourself moving faster!
You feel mighty!
You feel a strong urge to attack something.
You have escaped!

####...#.########.....########.##
#...#.#####.....###### #.#
######.#...#.....#[..## #.#
#......#.⌠.#.....#.⌠.## #.#
#.####.#...#.....#...## #.#
#.#..#.#####.....###### #.# #
#.#..#..........).....# #.#
###.#..#................# #.#
.##.#...........@.......# #.#
....##.#................# #.##
........................# #.#.
##...##..#####.....###### #.#.
###.....##...#.....#...## #.#.
........##.⌠.#.....#.⌠.# #.#.
#####>#.##...#.....#...# #.#. .#
###.######.....##### #.#. ##
#.....##.###############.##


There were no monsters in sight!

Vanquished Creatures
  the Royal Jelly (Slime:5)
  A dread lich (Zot:5)
  5 orbs of fire
  7 Killer Klowns (Zot:5)
  Bai Suzhen (Vaults:4)
  Vv (Zot:1)
  Margery (Vaults:4)
  3 curse toes
  A caustic shrike (Depths:3)
  The ghost of Soesill the Warrior, an adept DgCj (Depths:1)
  Jory (Depths:4)
  17 golden dragons
  Nikola (Elf:1)
  3 electric golems
  A Brimstone Fiend (D:3)
  Zenata (Elf:1)
  13 tentacled monstrosities
  A hellephant (Depths:1)
  A walking frostbound tome (Depths:3)
  26 Orb Guardians
  4 liches
  Asterion (Depths:2)
  3 deep elf blademasters
  3 quicksilver dragons
  2 deep elf master archers (Elf:3)
  An Executioner (D:10)
  21 acid blobs
  A kraken (Shoals:4)
  5 sphinxes
  2 tentacled starspawn (WizLab)
  8 death cobs
  6 shadow dragons
  2 fire giants
  11 storm dragons
  Donald (Elf:3)
  2 tengu reavers
  6 rockslimes
  8 draconian monks
  10 azure jellies
  6 deep elf sorcerers
  10 vault wardens
  An orc warlord (Vaults:1)
  4 draconian scorchers
  4 frost giants
  The ghost of esran the Fighter, a journeyman TrFi of Okawaru (Orc:1)
  7 draconian knights
  6 nagarajas
  An imperial myrmidon (Desolation)
  Aizul (Depths:2)
  4 ghost moths
  2 angels
  24 ironbound preservers
  5 draconian stormcallers
  5 draconian annihilators
  10 draconian shifters
  7 spriggan defenders
  2 deep elf elementalists (Elf:3)
  4 demonspawn corrupters (WizLab)
  16 very ugly things
  3 ironbound thunderhulks
  12 stone giants
  A reaper (Depths:2)
  14 quicksilver oozes
  12 green draconians
  6 deep elf annihilators
  6 deep elf demonologists
  13 purple draconians
  A halazid warlock (Desolation)
  5 entropy weavers
  13 black draconians
  15 white draconians
  14 yellow draconians
  10 red draconians
  9 dire elephants
  Azrael (Elf:1)
  11 ettins
  A spark wasp (Depths:3)
  6 deep elf death magi
  5 jiangshi
  16 fire dragons
  9 ragged hierophants (Desolation)
  A green death (Depths:2)
  4 crystal guardians
  11 merfolk impalers
  A blizzard demon (Depths:2)
  Josephine (D:13)
  4 deep elf high priests
  6 merfolk javelineers
  16 great orbs of eyes
  16 hydras
  15 peacekeepers
  10 yaktaur captains
  6 boulder beetles
  Fannar (Lair:2)
  3 vault guards (Vaults:1)
  5 ice dragons
  4 rakshasas
  3 salamander tyrants
  4 spriggan air magi (Depths:4)
  2 hell beasts
  2 ogre magi
  3 servants of whispers (Desolation)
  2 merfolk avatars
  4 two-headed ogres
  A demonspawn (Orc:2)
  The ghost of Isauros the Fighter, a novice MiHu of Okawaru (D:8)
  12 centaur warriors
  5 ironbound frosthearts
  12 naga warriors
  3 alligator snapping turtles
  A catoblepas (Lair:1)
  7 anacondas
  7 tengu warriors
  2 deep troll shamans (Depths:2)
  A satyr (Shoals:3)
  4 deep troll earth magi
  7 merfolk aquamancers
  2 thrashing horrors (Lair:5)
  5 death yaks (Lair:4)
  3 vampire magi
  9 hell hogs
  28 dancing weapons
  8 orc high priests
  9 naga sharpshooters
  Urug (D:13)
  4 spriggan berserkers
  22 hell knights
  6 shock serpents
  The ghost of Stalin1878 the Cleaver, a novice HOBe of Trog (D:8)
  21 deep elf knights
  Lodul (D:13)
  A shadow wraith (Vaults:1)
  A soul eater (Depths:4)
  2 sixfirhies (Depths:2)
  9 skeletal warriors
  3 iron trolls
  92 deep trolls
  2 orb spiders (shapeshifter)
  17 sea snakes
  16 wizards
  3 glowing orange brains
  A salamander mystic (Depths:4)
  A spriggan simulacrum (Shoals:4)
  An orange crystal statue (IceCv)
  21 deep elf archers
  A swamp dragon (Zot:2)
  2 flayed ghosts
  8 lindwurms
  9 orc knights
  A lindwurm (shapeshifter) (Vaults:1)
  3 necromancers
  19 naga ritualists
  49 deep elf pyromancers
  20 ironbound convokers
  An oklob plant (Shoals:2)
  33 deep elf zephyrmancers
  An obsidian statue (Zot:5)
  27 harpies
  20 mana vipers
  2 frost giant zombies (D:15)
  8 fauns
  105 slime creatures
  6 orc sorcerers
  3 shining eyes
  A worldbinder (WizLab)
  34 ugly things
  17 salamanders
  A cyclops (shapeshifter) (Depths:3)
  30 elephants
  17 manticores
  30 moths of wrath
  6 cyclopes
  A toenail golem (D:14)
  4 rust devils
  44 black mambas
  A molten gargoyle (Desolation)
  6 guardian serpents
  6 water nymphs
  17 vault sentinels
  2 gargoyles (D:10)
  A guardian serpent (shapeshifter) (D:8)
  2 torpor snails
  7 smoke demons
  19 naga magi
  11 merfolk sirens
  10 cane toads
  2 eyes of devastation
  7 storm dragon simulacra (IceCv)
  2 unseen horrors
  3 rime drakes
  2 freezing wraiths
  Psyche (D:8)
  2 kobold demonologists (D:10)
  A tormentor (D:3)
  2 efreet
  12 komodo dragons
  43 yaktaurs
  4 golden dragon simulacra (IceCv)
  A hellwing (Depths:2)
  3 ice devils (Depths:2)
  4 tengu conjurers
  An ancient zyme (Lair:5)
  A large abomination (Lair:5)
  3 red devils
  6 meliai
  A queen bee (D:15)
  A merfolk (shapeshifter) (WizLab)
  2 polar bears
  31 merfolk
  9 wind drakes
  9 trolls
  78 saltlings (Desolation)
  A tarantella (Vaults:1)
  15 hornets
  4 dream sheep (Shoals:2)
  A spriggan zombie (D:15)
  28 blink frogs
  13 snapping turtles
  A fire giant simulacrum (Vaults:1)
  2 culicivoras
  A ynoxinul (Lair:5)
  2 centaur simulacra
  61 yaks
  A vampire (D:9)
  6 air elementals
  A wyvern (shapeshifter) (Lair:5)
  14 water elementals
  A yak (shapeshifter) (Depths:2)
  26 spriggans
  6 wraiths
  13 golden eyes
  4 steam dragons
  5 basilisks
  2 chaos spawn (Orc:2)
  2 neqoxecs (Depths:2)
  13 vampire mosquitoes
  7 fire elementals
  A yaktaur simulacrum (Vaults:1)
  4 redbacks
  A glowing shapeshifter zombie (D:15)
  46 nagas
  12 small abominations (Lair:5)
  2 acid dragons
  2 floating eyes
  12 water moccasins
  6 hell hounds
  38 orc warriors
  6 black bears
  An alligator simulacrum (Shoals:4)
  An ice beast (D:7)
  2 sky beasts (D:7)
  11 wolves
  4 ice dragon simulacra (IceCv)
  19 ogres
  7 centaurs
  9 boggarts
  2 phantoms
  4 kobold brigands
  9 bullfrogs
  A gnoll sergeant (D:7)
  3 deep troll simulacra (Shoals:4)
  2 earth elementals (Elf:1)
  A necrophage (D:4)
  7 scorpions
  8 wights
  9 lindwurm simulacra
  35 killer bees
  4 howler monkeys
  A hound (D:7)
  2 jellies
  2 gnoll boudas
  25 orc priests
  5 iguanas
  21 orc wizards
  6 hell rats (Lair:4)
  16 gnolls
  7 adders
  2 shadow imps (D:5)
  3 white imps
  An ufetubus (D:7)
  A worm (D:2)
  3 dart slugs
  85 orcs
  A bat (D:2)
  3 endoplasms (D:3)
  A giant cockroach (D:4)
  7 goblins
  8 hobgoblins
  2 jackals (D:5)
  A quokka (D:3)
  5 ball pythons
  3 frilled lizards
  18 kobolds
  6 rats
  A spectral kobold (D:2)
  A starspawn tentacle (WizLab)
  3 tentacles (Shoals:4)
2519 creatures vanquished.

Vanquished Creatures (others)
  A yellow draconian (Zot:4)
  A red draconian (Zot:5)
  A fire dragon (Zot:2)
  2 deep elf knights
  An ironbound convoker (Desolation)
  2 blink frogs (Lair:5)
  An orc (D:8)
  18 ball lightnings
  79 fungi
  116 plants
  2 starspawn tentacles (WizLab)
  6 tentacles (Shoals:4)
  22 withered plants
252 creatures vanquished.

Grand Total: 2771 creatures vanquished

Notes
Turn   | Place    | Note
-------+----------+-------------------------------------------
     0 | D:1      | inmateoo the Demonspawn Hunter began the quest for the Orb.
     0 | D:1      | Reached XP level 1. HP: 16/16 MP: 1/1
   161 | D:1      | Reached skill level 1 in Stealth
   327 | D:1      | Gained mutation: You have a pair of small antennae on your
                  | head. [demonic ancestry]
   327 | D:1      | Reached XP level 2. HP: 22/22 MP: 2/2
   906 | D:2      | Reached XP level 3. HP: 27/28 MP: 3/3
   962 | D:2      | Found Kabikoc's Book Boutique.
   986 | D:2      | Found Debiciac's Weapon Shop.
  1030 | D:2      | Reached skill level 4 in Ranged Weapons
  1086 | D:2      | Found a faded altar of an unknown god.
  1119 | D:2      | Found Boown's Weapon Boutique.
  1127 | D:2      | Found Higheogg's Assorted Antiques.
  1139 | D:2      | Bought 2 scrolls labelled WUYDALLIEV for 64 gold pieces
  1161 | D:2      | Gained mutation: You regenerate magic rapidly. [demonic
                  | ancestry]
  1161 | D:2      | Reached XP level 4. HP: 34/34 MP: 4/4
  1294 | D:2      | Found Ducuff's Book Emporium.
  2148 | D:4      | Noticed a scorpion
  2158 | D:4      | Killed a scorpion
  2159 | D:4      | Gained mutation: Your demonic aura sometimes causes spilled
                  | blood to erupt in flames. [demonic ancestry]
  2159 | D:4      | Reached XP level 5. HP: 32/41 MP: 3/5
  2387 | D:4      | Noticed a phantom
  2400 | D:4      | Killed a phantom
  2477 | D:4      | Gained mutation: Your demonic aura often causes spilled
                  | blood to erupt in flames. [demonic ancestry]
  2477 | D:4      | Reached XP level 6. HP: 46/47 MP: 6/6
  3090 | D:4      | You fall into a shaft and drop 3 floors!
  3110 | D:7      | Reached XP level 7. HP: 54/54 MP: 7/7
  3116 | D:7      | Reached skill level 5 in Ranged Weapons
  3581 | D:7      | Noticed a steam dragon
  3593 | D:7      | Reached skill level 6 in Ranged Weapons
  3598 | D:7      | Killed a steam dragon
  3599 | D:7      | Gained mutation: You have an unusually large brain. (Int
                  | +2) [demonic ancestry]
  3599 | D:7      | Reached XP level 8. HP: 34/60 MP: 6/8
  3751 | D:7      | Found a bloodstained altar of Trog.
  3765 | D:7      | Reached skill level 7 in Ranged Weapons
  3859 | D:7      | Reached skill level 1 in Armour
  4752 | D:6      | Reached skill level 5 in Fighting
  4752 | D:6      | Reached skill level 5 in Stealth
  4837 | D:6      | Reached XP level 9. HP: 49/67 MP: 9/9
  4856 | D:6      | Reached skill level 5 in Dodging
  5109 | D:5      | Entered Level 5 of the Dungeon
  5112 | D:5      | Found a shimmering altar of Xom.
  5246 | D:5      | Found a staircase to the Ecumenical Temple.
  5255 | Temple   | Entered the Ecumenical Temple
  5306 | Temple   | Became a worshipper of Warmaster Okawaru
  5368 | D:5      | Reached skill level 1 in Polearms
  6790 | D:7      | Reached skill level 8 in Ranged Weapons
  6985 | D:7      | Reached * piety under Okawaru
  7698 | D:8      | Noticed Stalin1878's ghost (novice HOBe)
  7699 | D:8      | Found a runed translucent gate.
  7699 | D:8      | Found a runed translucent gate.
  7700 | D:8      | Found a runed translucent gate.
  7700 | D:8      | Noticed Isauros's ghost (novice MiHu)
  7928 | D:8      | Reached ** piety under Okawaru
  8363 | D:8      | Noticed Psyche
  8367 | D:8      | Killed Psyche
  8368 | D:8      | Reached XP level 10. HP: 71/77 MP: 8/10
  8623 | D:9      | Gained mutation: You have large cloven feet. [potion of
                  | mutation]
  8623 | D:9      | Gained mutation: You passively dampen the noise of your
                  | surroundings. [potion of mutation]
  9112 | D:9      | Identified the +5 leather armour of the Bard {rElec Dex+6}
  9322 | D:9      | Reached *** piety under Okawaru
  9436 | D:9      | Noticed a two-headed ogre
  9447 | D:9      | Killed a two-headed ogre
  9448 | D:9      | Reached skill level 9 in Ranged Weapons
  9928 | D:9      | Reached **** piety under Okawaru
  9929 | D:9      | Reached skill level 10 in Ranged Weapons
  9937 | D:9      | Found a snail-covered altar of Cheibriados.
 10141 | D:9      | Noticed a guardian serpent
 10219 | D:9      | Reached skill level 1 in Invocations
 10230 | D:9      | Reached skill level 1 in Spellcasting
 10230 | D:9      | Reached skill level 1 in Evocations
 10469 | D:8      | Killed a guardian serpent
 10470 | D:8      | Gained mutation: When hurt, damage is shared between your
                  | health and your magic reserves. [demonic ancestry]
 10470 | D:8      | Reached XP level 11. HP: 47/84 MP: 7/12
 11030 | D:9      | Noticed a four-headed hydra
 11038 | D:9      | Killed a four-headed hydra
 11038 | D:9      | Reached ***** piety under Okawaru
 11052 | D:9      | Noticed a seven-headed hydra
 11059 | D:9      | Killed a seven-headed hydra
 11458 | D:9      | Noticed a centaur warrior
 11503 | D:10     | Entered Level 10 of the Dungeon
 11525 | D:10     | Found a sacrificial altar of Ru.
 11586 | D:10     | Received a gift from Okawaru
 11987 | D:10     | Identified the +5 tower shield "Opowauva" {Harm rC+++ Str+6
                  | Int-3}
 12043 | D:10     | Found a staircase to the Lair.
 12246 | D:10     | Identified the +1 ring mail of Supple Strength {rElec rPois
                  | rCorr Stlth+} (Okawaru gifted it to you on level 10 of the
                  | Dungeon)
 12246 | D:10     | Received a gift from Okawaru
 12709 | D:11     | Found a staircase to the Orcish Mines.
 12720 | D:11     | Identified a scroll of acquirement
 12720 | D:11     | Acquired a manual of Ranged Weapons
 12726 | D:11     | Learned a level 3 spell: Swiftness
 12731 | D:11     | Learned a level 4 spell: Airstrike
 13366 | D:11     | Found a radiant altar of Vehumet.
 13447 | D:11     | Reached skill level 1 in Air Magic
 13809 | D:12     | Noticed a two-headed ogre
 13828 | D:12     | Killed a two-headed ogre
 13886 | D:12     | Noticed a skeletal warrior
 14258 | D:12     | Noticed a green ugly thing
 14265 | D:12     | Killed a green ugly thing
 14266 | D:12     | Gained mutation: You have a pair of antennae on your head.
                  | [demonic ancestry]
 14266 | D:12     | Reached XP level 12. HP: 84/92 MP: 14/17
 14391 | D:12     | Identified the +3 scale mail of Reixac {rF+ rC- Dex+4}
 14421 | D:12     | Noticed a boulder beetle
 14504 | Lair:1   | Entered Level 1 of the Lair of Beasts
 14532 | Lair:1   | Noticed a catoblepas
 14552 | Lair:1   | Killed a catoblepas
 14802 | Lair:1   | Reached skill level 5 in Invocations
 14823 | Lair:1   | Noticed a boulder beetle
 14842 | Lair:1   | Killed a boulder beetle
 15157 | Lair:1   | Reached skill level 11 in Ranged Weapons
 15478 | Lair:1   | Noticed an eight-headed hydra
 15484 | Lair:1   | Killed an eight-headed hydra
 15485 | Lair:1   | Reached skill level 5 in Polearms
 15517 | Lair:1   | Reached skill level 5 in Armour
 15525 | Lair:1   | Received a gift from Okawaru
 16248 | Lair:2   | Found a staircase to the Snake Pit.
 16408 | Lair:2   | Noticed Fannar
 16427 | Lair:2   | Killed Fannar
 16881 | Lair:2   | Found a staircase to the Shoals.
 16916 | Lair:2   | Received a gift from Okawaru
 17733 | Lair:3   | Reached XP level 13. HP: 100/100 MP: 20/20
 18025 | Lair:3   | Reached skill level 5 in Spellcasting
 18079 | Lair:3   | Identified the +1 robe of Luinkimi {rPois Int+3 Dex-4
                  | Stlth+}
 18316 | Lair:3   | Identified the +6 shadow dragon scales of Wutsuod {rN+
                  | Stlth++++} (Okawaru gifted it to you on level 3 of the Lair
                  | of Beasts)
 18316 | Lair:3   | Received a gift from Okawaru
 18342 | Lair:3   | Reached ****** piety under Okawaru
 18418 | Lair:3   | Reached skill level 12 in Ranged Weapons
 18713 | Lair:3   | Noticed a dire elephant
 18730 | Lair:3   | Killed a dire elephant
 19270 | Lair:4   | Reached skill level 5 in Air Magic
 20116 | Lair:4   | Identified the +8 longbow "Pukusm" {vorpal, rElec rF- rN+}
                  | (Okawaru gifted it to you on level 4 of the Lair of Beasts)
 20116 | Lair:4   | Received a gift from Okawaru
 20232 | Lair:4   | Reached skill level 10 in Fighting
 20235 | Lair:4   | Reached skill level 13 in Ranged Weapons
 20240 | Lair:4   | Reached XP level 14. HP: 94/110 MP: 21/21
 20776 | Lair:5   | Entered Level 5 of the Lair of Beasts
 20828 | Lair:5   | Reached skill level 10 in Dodging
 20846 | Lair:5   | Reached skill level 10 in Invocations
 20966 | Lair:5   | Reached skill level 14 in Ranged Weapons
 21025 | Lair:5   | Identified the +4 great mace of the Vaults {vorpal, rElec
                  | Dex+3 SInv} (Okawaru gifted it to you on level 5 of the
                  | Lair of Beasts)
 21025 | Lair:5   | Received a gift from Okawaru
 21238 | Lair:5   | Found a staircase to the Slime Pits.
 21455 | Lair:5   | Reached skill level 15 in Ranged Weapons
 21888 | Lair:5   | Identified the +0 kite shield "Esur" {rF++ Regen+} (Okawaru
                  | gifted it to you on level 5 of the Lair of Beasts)
 21888 | Lair:5   | Received a gift from Okawaru
 22109 | Lair:5   | Reached skill level 16 in Ranged Weapons
 22451 | Lair:5   | Found a corrupted altar of Lugonu.
 22451 | Lair:5   | Found a one-way gate to the infinite horrors of the Abyss.
 22981 | D:8      | Killed Isauros's ghost
 22989 | D:8      | Killed Stalin1878's ghost
 23306 | D:10     | Found a runed translucent door.
 23445 | D:10     | Reached XP level 15. HP: 115/115 MP: 22/22
 23452 | D:10     | Identified the +12 great sword of Elos {holy, rC- rN+++
                  | Int+4}
 23453 | D:10     | Identified the amulet "Fywitihe" {Reflect Regen+ SH+5}
 23679 | D:12     | Reached skill level 17 in Ranged Weapons
 24145 | D:12     | Identified the +0 pair of gloves "Haefiax" {Rampage rN+
                  | Stlth+} (Okawaru gifted it to you on level 12 of the
                  | Dungeon)
 24145 | D:12     | Received a gift from Okawaru
 24411 | D:13     | Noticed Josephine
 24418 | D:13     | Killed Josephine
 24793 | D:13     | Reached skill level 18 in Ranged Weapons
 24971 | D:13     | Noticed Lodul
 24974 | D:13     | Killed Lodul
 25028 | D:13     | Noticed Urug
 25039 | D:13     | Killed Urug
 25787 | D:14     | Identified the +0 ring mail of Okawaru's Approval {rElec
                  | Str-5 Int+5 Dex+4} (Okawaru gifted it to you on level 14 of
                  | the Dungeon)
 25787 | D:14     | Received a gift from Okawaru
 25908 | D:14     | Found a burning altar of Makhleb.
 26289 | D:14     | Found a gate to the Vaults.
 26449 | D:15     | Entered Level 15 of the Dungeon
 26654 | D:15     | Gained mutation: You have an extremely huge brain. (Int +4)
                  | [demonic ancestry]
 26654 | D:15     | Reached XP level 16. HP: 123/123 MP: 24/24
 27058 | D:15     | Found a staircase to the Depths.
 27167 | D:15     | Reached skill level 5 in Evocations
 27400 | Orc:1    | Entered Level 1 of the Orcish Mines
 27483 | Orc:1    | Found a large runed translucent door.
 27483 | Orc:1    | Found a large runed translucent door.
 27487 | Orc:1    | Noticed esran's ghost (journeyman TrFi)
 27865 | Orc:2    | Entered Level 2 of the Orcish Mines
 28058 | Orc:2    | Found Luupp's General Store.
 28090 | Orc:2    | Found Heaf's General Store.
 28121 | Orc:2    | Found a staircase to the Elven Halls.
 28123 | Orc:2    | Received a gift from Okawaru
 28374 | Orc:2    | Bought a scroll of magic mapping for 105 gold pieces
 28376 | Orc:2    | Bought a potion of heal wounds for 70 gold pieces
 28376 | Orc:2    | Bought a potion of curing for 42 gold pieces
 28376 | Orc:2    | Bought a potion of curing for 42 gold pieces
 28760 | Orc:2    | Found Sottesof's Book Shoppe.
 28760 | Orc:2    | Found Viubocy's Antique Armour Emporium.
 28761 | Orc:2    | Found a one-way gate leading to the halls of Pandemonium.
 28765 | Orc:2    | Bought a polished leather armour for 161 gold pieces
 28765 | Orc:2    | Identified the +0 leather armour of Pompoig {Rampage Int+2}
                  | (You bought it in a shop on level 2 of the Orcish Mines)
 28829 | Elf:1    | Entered Level 1 of the Elven Halls
 29061 | Elf:1    | Noticed Azrael
 29078 | Elf:1    | Killed Azrael
 29112 | Elf:1    | Noticed Nikola
 29124 | Elf:1    | Killed Nikola
 29217 | Elf:1    | Identified the +0 pair of gloves of Satisfaction {Harm
                  | Str-2 Dex+8} (Okawaru gifted it to you on level 1 of the
                  | Elven Halls)
 29217 | Elf:1    | Received a gift from Okawaru
 29307 | Elf:1    | Noticed Zenata
 29319 | Elf:1    | Killed Zenata
 29421 | Elf:1    | Reached skill level 10 in Stealth
 29586 | Elf:1    | Found Noucvir's Jewellery Shoppe.
 29586 | Elf:1    | Found Xevoawe's Book Boutique.
 29587 | Elf:1    | Found Zujur's Book Boutique.
 29596 | Elf:1    | Bought a book of Storms for 448 gold pieces
 29602 | Elf:1    | Learned a level 5 spell: Lightning Bolt
 29614 | Elf:1    | Found a runed translucent door.
 29614 | Elf:1    | Noticed rigao's ghost (adept TrTm)
 29823 | Elf:1    | Gained mutation: Your demonic aura causes all spilled blood
                  | to erupt in flames. [demonic ancestry]
 29823 | Elf:1    | Reached XP level 17. HP: 132/132 MP: 27/27
 29848 | Elf:1    | Reached skill level 1 in Conjurations
 30431 | Elf:2    | Found a runed translucent gate.
 30437 | Elf:2    | Found a runed translucent gate.
 30438 | Elf:2    | Found a runed translucent gate.
 30560 | Elf:3    | Entered Level 3 of the Elven Halls
 30782 | Elf:3    | Identified the +2 cloak "Ipenex" {Contam Rampage Fly rCorr}
                  | (Okawaru gifted it to you on level 3 of the Elven Halls)
 30782 | Elf:3    | Received a gift from Okawaru
 31316 | Elf:3    | Noticed Donald
 31319 | Elf:3    | Killed Donald
 31664 | Elf:3    | Reached XP level 18. HP: 141/141 MP: 30/30
 32135 | Elf:3    | Identified the +1 buckler "Zoqer" {+Blink Int-2 Dex+8
                  | Stlth-} (Okawaru gifted it to you on level 3 of the Elven
                  | Halls)
 32135 | Elf:3    | Received a gift from Okawaru
 32136 | Elf:3    | Reached skill level 19 in Ranged Weapons
 32168 | Elf:3    | Reached skill level 5 in Conjurations
 32418 | Elf:3    | Identified the +5 plate armour "Beriutza" {rCorr Str+5
                  | Slay-2}
 32527 | Elf:3    | Identified the +7 arbalest of the Imperium {vorpal, Stlth+}
 32535 | Elf:3    | Identified the ring "Capn" {rPois Dex+3}
 32543 | Elf:3    | Identified the ring "Jomeli" {Wiz *Slow Int+6}
 32549 | Elf:3    | Got the Handbook of Entrancing Mortification
 32587 | Elf:3    | Identified the +3 buckler of Relativism {Int+2}
 33772 | Shoals:1 | Entered Level 1 of the Shoals
 33777 | Shoals:1 | Identified the +5 plate armour "Plog" {rCorr Int-5 Stlth+}
                  | (Okawaru gifted it to you on level 1 of the Shoals)
 33777 | Shoals:1 | Received a gift from Okawaru
 33953 | Shoals:1 | Found a runed translucent gate.
 33953 | Shoals:1 | Found a runed translucent gate.
 33953 | Shoals:1 | Found a runed translucent gate.
 33954 | Shoals:1 | Noticed arthad's ghost (adept VSFi)
 33955 | Shoals:1 | Noticed Liecax Pyhi's ghost (adept MiFi)
 34145 | Shoals:1 | Reached skill level 1 in Axes
 34714 | Shoals:2 | Found an ornate altar of the Wu Jian Council.
 34842 | Shoals:2 | Got the Papyrus of Fetching Transmutation
 35268 | Shoals:3 | Acquired a manual of Dodging
 35507 | Shoals:3 | Reached XP level 19. HP: 149/149 MP: 32/32
 35567 | Shoals:3 | Identified the +0 pair of boots "Kosal" {rC+ Slay+3}
                  | (Okawaru gifted it to you on level 3 of the Shoals)
 35567 | Shoals:3 | Received a gift from Okawaru
 35808 | Shoals:4 | Entered Level 4 of the Shoals
 35808 | Shoals:4 | Found a frozen archway.
 35862 | IceCv    | Entered an ice cave
 36026 | IceCv    | Identified the ring of Esudasu {rF+ Str+3 Slay+4}
 36034 | IceCv    | Identified the ring "Rily" {Ice rElec Str-3 Int+6 Slay+4}
 36537 | Shoals:4 | Got a barnacled rune of Zot
 36637 | Shoals:4 | Identified the +1 robe of Jieronus {rN+}
 36721 | Shoals:4 | Got the Almanac of Iniquitous Magic and Pollution
 37000 | Shoals:4 | Reached skill level 10 in Air Magic
 37129 | Snake:1  | Entered Level 1 of the Snake Pit
 37131 | Snake:1  | Received a gift from Okawaru
 37238 | Snake:1  | Reached skill level 10 in Spellcasting
 37262 | Snake:1  | You fall into a shaft and drop 1 floor!
 37498 | Snake:2  | Identified the +3 ring mail of the Desert {Slay+3} (Okawaru
                  | gifted it to you on level 2 of the Snake Pit)
 37498 | Snake:2  | Received a gift from Okawaru
 37542 | Snake:2  | Identified the +1 leather armour "Nirinod" {Dex+3}
 37607 | Snake:2  | Found the +2 hat of the Bear Spirit {Spirit, *Rage Will++}
 38370 | Snake:1  | Reached skill level 5 in Axes
 38440 | Snake:1  | Identified the +5 short sword of Akhyfas {freeze, rPois
                  | Int+2}
 38738 | Snake:1  | Acquired a +0 triple crossbow of flaming
 38744 | Snake:1  | Learned a level 1 spell: Apportation
 38747 | Snake:1  | Learned a level 2 spell: Blink
 38750 | Snake:1  | Learned a level 2 spell: Passwall
 38755 | Snake:1  | Learned a level 4 spell: Passage of Golubria
 38801 | Snake:3  | Gained mutation: You have a pair of large antennae on your
                  | head. (SInv) [demonic ancestry]
 38801 | Snake:3  | Reached XP level 20. HP: 134/159 MP: 28/34
 39084 | Snake:3  | Reached skill level 1 in Translocations
 39869 | Snake:4  | Entered Level 4 of the Snake Pit
 40132 | Snake:4  | Received a gift from Okawaru
 40132 | Snake:4  | Found the +5 robe of Night {Dark Will+ SInv}
 40353 | Snake:4  | Reached skill level 20 in Ranged Weapons
 40484 | Snake:4  | Got a serpentine rune of Zot
 40787 | Orc:1    | Killed esran's ghost
 40894 | Vaults:1 | Entered Level 1 of the Vaults
 40978 | Vaults:1 | Found a crumbling gateway.
 40990 | Vaults:1 | HP: 2/160 [angel/+2 whip of holy wrath (19)]
 41193 | Desolati | Entered the Desolation of Salt
 41354 | Desolati | Found the +18 shield of the Gong {rElec rN+ Will+ EV-5}
 41378 | Desolati | Got the Octavo of Death
 41403 | Desolati | Reached skill level 15 in Dodging
 41437 | Desolati | Identified the ring "Dokiezxi" {Fire rPois Int-5 Dex+4}
 41798 | Desolati | Received a gift from Okawaru
 41883 | Desolati | Identified the +2 mace "Paarisk" {flame, Will- Dex+4
                  | Stlth+}
 41944 | Desolati | Reached XP level 21. HP: 164/167 MP: 35/35
 41946 | Desolati | Identified the +2 helmet of Soodeot {*Slow rC- Str+7 Dex+2}
 41947 | Desolati | Identified the +1 plate armour of Springtime {Contam rElec
                  | Dex+9}
 41998 | Desolati | Identified the +5 fire dragon scales of Savviaco {rF++ rC-
                  | Str+5 Int-5}
 42108 | Desolati | Reached skill level 15 in Fighting
 42926 | Vaults:1 | Received a gift from Okawaru
 43005 | Vaults:1 | Reached skill level 5 in Translocations
 43078 | Vaults:1 | Reached skill level 10 in Evocations
 43648 | Vaults:2 | Received a gift from Okawaru
 43817 | Vaults:2 | Identified the +1 leather armour of Atok Vierie {Will+}
 44364 | Vaults:2 | Identified the +6 falchion "Umpaoqok" {spect, *Rage rElec
                  | Str+9 Dex-5}
 44397 | Vaults:2 | Learned a level 5 spell: Manifold Assault
 44704 | Vaults:3 | Gained mutation: You punish those that try to bend your
                  | will. (Will+) [demonic ancestry]
 44704 | Vaults:3 | Reached XP level 22. HP: 177/177 MP: 37/37
 44911 | Vaults:3 | Identified the +2 ring mail of the Flute {Regen+}
 44959 | Vaults:3 | Identified the +10 quarterstaff "Sogoz" {elec, Str-2 Int+4}
                  | (Okawaru gifted it to you on level 3 of the Vaults)
 44959 | Vaults:3 | Received a gift from Okawaru
 45521 | Vaults:3 | Found a staircase to the Crypt.
 45521 | Vaults:3 | Found an ancient bone altar of Kikubaaqudgha.
 45521 | Vaults:3 | Found a basalt altar of Yredelemnul.
 45738 | Vaults:4 | Received a gift from Okawaru
 45738 | Vaults:4 | Found the +7 Kryia's mail coat {PotionHeal*2 rC+}
 45834 | Vaults:4 | Noticed Margery
 45874 | Vaults:4 | Killed Margery
 46122 | Vaults:4 | Reached skill level 21 in Ranged Weapons
 46261 | Vaults:4 | Found Koh Qaacw's Distillery.
 46272 | Vaults:4 | Bought a potion of curing for 60 gold pieces
 46272 | Vaults:4 | Bought a potion of curing for 60 gold pieces
 46272 | Vaults:4 | Bought a potion of ambrosia for 160 gold pieces
 46272 | Vaults:4 | Bought a potion of cancellation for 160 gold pieces
 46379 | Vaults:4 | Noticed Bai Suzhen
 46385 | Vaults:4 | Killed Bai Suzhen
 47085 | Depths:1 | Entered Level 1 of the Depths
 47086 | Depths:1 | Found a runed translucent door.
 47086 | Depths:1 | Noticed Soesill's ghost (adept DgCj)
 47086 | Depths:1 | Found the +8 lance "Wyrmbane" {slay drac, rPois rF+ rC+
                  | AC+3}
 47127 | Depths:1 | Killed Soesill's ghost
 47471 | Depths:1 | Received a gift from Okawaru
 47510 | Depths:1 | Found Ivire's Book Boutique.
 47517 | Depths:1 | Gained mutation: You have an absolutely massive brain. (Int
                  | +6, Wiz) [demonic ancestry]
 47517 | Depths:1 | Reached XP level 23. HP: 185/185 MP: 39/39
 47520 | Depths:1 | Found Jiethreo's Serpentskin Sales.
 47530 | Depths:1 | Learned a level 5 spell: Freezing Cloud
 47537 | Depths:1 | Learned a level 6 spell: Dispersal
 47543 | Depths:1 | Bought a scroll of poison for 64 gold pieces
 47543 | Depths:1 | Bought a scroll of poison for 64 gold pieces
 47741 | Depths:1 | Found a gateway to Hell.
 48007 | Depths:2 | Found a magical portal.
 48016 | WizLab   | Entered Alistair's Party Mansion
 48671 | WizLab   | Got the Incunabulum of Transformation
 48725 | Depths:2 | Acquired the Discourse on Blasts
 48734 | Depths:2 | Learned a level 6 spell: Conjure Ball Lightning
 48860 | Depths:2 | Noticed Aizul
 48867 | Depths:2 | Killed Aizul
 48917 | Depths:2 | Found an ancient bone altar of Kikubaaqudgha.
 48928 | Depths:2 | Found Odael's Assorted Antiques.
 49045 | Depths:2 | Noticed a juggernaut
 49050 | Depths:2 | Received a gift from Okawaru
 49069 | Depths:2 | Noticed ioannis32's ghost (veteran DsBe)
 49113 | Depths:2 | You fall into a shaft and drop 1 floor!
 49121 | Depths:2 | Noticed Asterion
 49121 | Depths:2 | Found a one-way gateway to a ziggurat.
 49125 | Depths:2 | Killed Asterion
 49215 | Depths:2 | Found a transporter.
 49548 | Depths:2 | Found a transporter.
 49656 | Depths:3 | Identified the -1 pair of gloves "Xoirchem" {rF+ SInv}
                  | (Okawaru gifted it to you on level 3 of the Depths)
 49656 | Depths:3 | Received a gift from Okawaru
 50453 | Depths:3 | Noticed a caustic shrike
 50460 | Depths:3 | Killed a caustic shrike
 50552 | Depths:3 | Identified the +2 great sword "Bilier" {vorpal, *Noise
                  | *Slow Will+ Int+7}
 50553 | Depths:3 | Identified the ring of Suhienn {Fire Slay+2}
 50706 | Depths:4 | Entered Level 4 of the Depths
 50706 | Depths:4 | Found Qoth's Assorted Antiques.
 50789 | Depths:4 | Reached skill level 22 in Ranged Weapons
 50789 | Depths:4 | Reached XP level 24. HP: 157/194 MP: 32/40
 51028 | Depths:4 | Noticed Jory
 51031 | Depths:4 | Killed Jory
 51186 | Depths:4 | Found a gate to the Realm of Zot.
 51189 | Depths:4 | Identified the +4 fire dragon scales "Ofoicale" {Harm rF++
                  | rC- Str-4 Int+6 SInv} (Okawaru gifted it to you on level 4
                  | of the Depths)
 51189 | Depths:4 | Received a gift from Okawaru
 51611 | Depths:4 | Found Zidifaon's Armour Boutique.
 51611 | Depths:4 | Found Gezexits's Distillery.
 51612 | Depths:4 | Found Nitufriy's Antique Armour Boutique.
 51614 | Depths:4 | Bought a scroll of blinking for 292 gold pieces
 51622 | Depths:4 | Bought a potion of heal wounds for 65 gold pieces
 51622 | Depths:4 | Bought a potion of curing for 39 gold pieces
 51622 | Depths:4 | Bought a potion of curing for 39 gold pieces
 51622 | Depths:4 | Bought a potion of might for 52 gold pieces
 51622 | Depths:4 | Bought a potion of might for 52 gold pieces
 51622 | Depths:4 | Bought 2 potions of brilliance for 104 gold pieces
 52282 | Slime:1  | Entered Level 1 of the Pits of Slime
 53470 | Slime:3  | Reached skill level 10 in Translocations
 54041 | Slime:5  | Entered Level 5 of the Pits of Slime
 54184 | Slime:5  | Identified the +1 pair of boots "Entig" {Slay+2} (Okawaru
                  | gifted it to you on level 5 of the Pits of Slime)
 54184 | Slime:5  | Received a gift from Okawaru
 54550 | Slime:5  | Reached skill level 10 in Armour
 54563 | Slime:5  | Noticed the Royal Jelly
 54591 | Slime:5  | Killed the Royal Jelly
 54621 | Slime:5  | Found the +9 sword of Zonguldrok {reap}
 54777 | Slime:5  | Got a slimy rune of Zot
 55156 | Zot:1    | Entered Level 1 of the Realm of Zot
 55263 | Zot:1    | Gained mutation: You are resistant to unholy torment.
                  | [demonic ancestry]
 55263 | Zot:1    | Reached XP level 25. HP: 203/203 MP: 41/41
 55281 | Zot:1    | Noticed an orb of fire
 55283 | Zot:1    | Gained mutation: You are frail. (-10% HP) [an orb of fire]
 55283 | Zot:1    | Gained mutation: You have very sharp teeth. [an orb of
                  | fire]
 55286 | Zot:1    | Killed an orb of fire
 55287 | Zot:1    | Reached skill level 10 in Polearms
 55493 | Zot:1    | Reached skill level 23 in Ranged Weapons
 55866 | Zot:1    | Noticed Vv
 55881 | Zot:1    | Killed Vv
 56161 | Zot:2    | Identified the +3 longbow "Zilugac" {venom, MP+9 Dex+4}
                  | (Okawaru gifted it to you on level 2 of the Realm of Zot)
 56161 | Zot:2    | Received a gift from Okawaru
 56755 | Zot:2    | Noticed an orb of fire
 57069 | Zot:2    | Identified the amulet "Igoosu" {RegenMP Will+ rCorr Int+3}
 57491 | Zot:3    | Identified the +4 pair of boots of the Meadowlark {rF+
                  | Str+6} (Okawaru gifted it to you on level 3 of the Realm of
                  | Zot)
 57491 | Zot:3    | Received a gift from Okawaru
 57932 | Zot:3    | Found a runed translucent gate.
 57934 | Zot:3    | Found a runed translucent gate.
 57934 | Zot:3    | Found an opulent altar of Gozag.
 57934 | Zot:3    | Found a runed translucent gate.
 57939 | Zot:3    | Found Listomoegach's Assorted Antiques.
 57939 | Zot:3    | Noticed Hicanoach's ghost (master DsGl)
 58251 | Zot:4    | Reached skill level 24 in Ranged Weapons
 58442 | Zot:4    | Identified the +2 robe "Xuxzaps" {rElec rC- Dex+4}
 58905 | Zot:4    | Gained mutation: When low on magic, you restore magic in
                  | place of health. [demonic ancestry]
 58905 | Zot:4    | Reached XP level 26. HP: 193/193 MP: 41/41
 59384 | Zot:5    | Entered Level 5 of the Realm of Zot
 59417 | Zot:5    | Identified the quicksilver dragon scales of Lucidity {rPois
                  | rF- Will+ Slay+4} (Okawaru gifted it to you on level 5 of
                  | the Realm of Zot)
 59417 | Zot:5    | Received a gift from Okawaru
 59644 | Zot:5    | Noticed a dread lich
 59657 | Zot:5    | Killed a dread lich
 59961 | Zot:5    | Noticed an orb of fire
 59974 | Zot:5    | Gained mutation: You are occasionally teleported next to
                  | monsters. [an orb of fire]
 59977 | Zot:5    | Killed an orb of fire
 59984 | Zot:5    | Lost mutation: You are occasionally teleported next to
                  | monsters. [potion of mutation]
 59984 | Zot:5    | Lost mutation: You have very sharp teeth. [potion of
                  | mutation]
 59984 | Zot:5    | Lost mutation: You passively dampen the noise of your
                  | surroundings. [potion of mutation]
 59984 | Zot:5    | Gained mutation: You occasionally lose the ability to drink
                  | potions when taking damage. [potion of mutation]
 59984 | Zot:5    | Gained mutation: You are weak. (Str -2) [potion of
                  | mutation]
 59984 | Zot:5    | Gained mutation: You are somewhat resistant to further
                  | mutation. [potion of mutation]
 59985 | Zot:5    | Lost mutation: You are frail. (-10% HP) [potion of
                  | mutation]
 59985 | Zot:5    | Lost mutation: You are weak. (Str -2) [potion of mutation]
 59985 | Zot:5    | Lost mutation: You have large cloven feet. [potion of
                  | mutation]
 59985 | Zot:5    | Gained mutation: Your mind is acute. (Int +4, Str/Dex -1)
                  | [potion of mutation]
 61001 | Zot:5    | Received a gift from Okawaru
 61180 | Zot:5    | Noticed an orb of fire
 61187 | Zot:5    | Killed an orb of fire
 61188 | Zot:5    | Reached skill level 15 in Polearms
 61193 | Zot:5    | Noticed an orb of fire
 61197 | Zot:5    | Noticed an orb of fire
 61199 | Zot:5    | Killed an orb of fire
 61212 | Zot:5    | Gained mutation: Your magical capacity is low. (-10% MP)
                  | [an orb of fire]
 61215 | Zot:5    | Gained mutation: You are clumsy. (Dex -2) [an orb of fire]
 61216 | Zot:5    | Killed an orb of fire
 61387 | Zot:5    | Got the Orb of Zot
 61904 | D:$      | Escaped with the Orb!

Illustrated notes

Levels and vault maps discovered:
D:1:      minmay_arrival_glassed_features, layout_basic
D:2:      layout_rooms, dreamdust_ecumenical_altar_drowned_temple, serial_shops,
          shop, shop, nicolae_shop_statue_plus, nicolae_lakefront_shop, shop
D:3:      layout_basic, minmay_misc_feat_square, glass_columns_b
D:4:      layout_basic
D:5:      layout_loops_cross, nicolae_overflow_hidden_temple,
          minmay_temple_entry_junction_2, serial_rivers,
          chequers_serial_rivers_micro_a, chequers_serial_rivers_micro_d,
          chequers_serial_rivers_small_b, chequers_serial_rivers_room_a,
          chequers_serial_rivers_micro_d
D:6:      layout_basic, minmay_misc_feat_x
D:7:      layout_basic, old_standard_altar, solitary_fountain
D:8:      layout_loops_ring, gammafunk_ghost_cemetery, uniq_psyche
D:9:      minmay_sliced_demisemicircle, layout_basic,
          mainiacjoe_overflow_catwalk, wad_floor_pattern_1
D:10:     minmay_the_grid_triangle_9x9_rhombus_full
          [minmay_the_grid_triangle_9x9_sprig,
          minmay_the_grid_triangle_9x9_zippers_horizontal,
          minmay_the_grid_triangle_9x9_intruding_spiral,
          minmay_the_grid_triangle_9x9_corruption,
          minmay_the_grid_triangle_9x9_subtriangle,
          minmay_the_grid_triangle_9x9_warning,
          minmay_the_grid_triangle_9x9_swiss_cheese,
          minmay_the_grid_triangle_9x9_prize_center], layout_small_grid,
          hangedman_ru_absence, dpeg_oklobed_lair
D:11:     layout_stronghold, david_orc_2, hangedman_decor_push,
          fiery_altar_vehumet
D:12:     layout_layer_cave
D:13:     kb_forest_paths, layout_layer_cave, minmay_stone_trees_medium,
          uniq_josephine, uniq_lodul, uniq_urug
D:14:     layout_basic, hangedman_vaults_entry_quadrant_bands, nicolae_wwwww,
          demons_altar
D:15:     gammafunk_depths_entry_grave, layout_rooms, palyth_stone_intersect,
          special_room [special_room_bee]
Temple:   mainiacjoe_temple_coin_purse
Lair:1:   layout_loops_ring
Lair:2:   layout_chaotic_city, minmay_shoals_entry_beasts,
          guppyfry_snake_entry_island, beast_lair_carwin_3, uniq_fannar
Lair:3:   mu_elephants_graveyard, layout_gridlike, lemuel_fruit_fields
Lair:4:   layout_roguey
Lair:5:   hellmonk_lair_end_abyssal_woods, layout_regular_city, slime_entry_1
Shoals:1: layout_shoals, gammafunk_ghost_cemetery
Shoals:2: layout_shoals, lemuel_oklob_altar
Shoals:3: cheibrodos_shoals_three_sisters, layout_shoals, ldierk_geyser,
          abandoned_shop
Shoals:4: shoals_end_grunt_ice, layout_shoals,
          portal_ice_cave_entry_ice_simulacra
Snake:1:  nicolae_snake_nest, layout_layer_cave, nicolae_snake_naga_rites
Snake:2:  layout_onion, nicolae_snake_coiling_death
Snake:3:  layout_chambers
Snake:4:  minmay_snake_end_coiled, layout_grid_shapes, lemuel_fruit_tree
Slime:1:  layout_caves
Slime:2:  layout_caves
Slime:3:  layout_caves
Slime:4:  layout_caves
Slime:5
Orc:1:    layout_caves, ebering_ghost_disaster_area
Orc:2:    pf_orc_diabolical, layout_caves
Elf:1:    nicolae_elf_arrival_aired_out, layout_gridlike, gammafunk_ghost_grave,
          minivault_28, minmay_shop_grove, uniq_zenata, uniq_nikola, uniq_azrael
Elf:2:    elven_hall_of_blades_hangedman_original
          [nicolae_blade_entry_antechamber], layout_rooms, special_room
          [special_room_mythical_zoo]
Elf:3:    elf_hall_gauntlet_wide, layout_loops_corners, guppyfry_library_mini,
          uniq_donald
Vaults:1: portal_desolation_entry_holy_temple, v_misc_1,
          nicolae_vaults_octagons, v_misc_4, vaults_mumra_lcd,
          vaults_dpeg_encased_lava, nicolae_vaults_border_crossing,
          nicolae_vaults_network_s, grunt_vaults_trifunnel, vaults_room_octagon,
          ontoclasm_vaults_gateway, serial_ice_b, hangedman_vaults_nails,
          layout_vaults_maze_snakey
Vaults:2: vaults_room_octagon, nicolae_vaults_stairing_the_circle,
          ontoclasm_vaults_misaligned, hangedman_vaults_slice, v_pattern_1,
          nicolae_vaults_network_star, nicolae_vaults_ninety_degrees,
          hangedman_vaults_snaps, vaults_room_semicircle,
          ontoclasm_vaults_decontamination, layout_vaults_omnibox
Vaults:3: grunt_vaults_funnel, v_misc_30, hangedman_vaults_variations,
          vaults_room_boxed, minmay_crypt_entry_necro_gods, v_rooms_1,
          layout_vaults_big_cross
Vaults:4: nicolae_vaults_c_with_doors, grunt_vaults_hallway_short,
          dpeg_vaults_monster_box, vaults_standard_mumra_x,
          nicolae_vaults_network_square, nicolae_vaults_gold_heap,
          nicolae_vaults_sealed_display, v_misc_22, v_pattern_2,
          grunt_vaults_twisty, layout_vaults_big_room, serial_shops,
          nicolae_lakefront_shop, uniq_bai_suzhen, uniq_margery
Depths:1: layout_basic, abyss_entry, gammafunk_ghost_grave, grunt_hell_horde,
          pan_entry, serial_shops, nicolae_shop_temple_entry_statues_fountains,
          guppyfry_shop_venom, nicolae_triple_integral, serial_bayou_shore_b
Depths:2: kennysheep_demon_jail, layout_cave_pools, enter_ziggurat_a,
          hell_entry, rand_demon_pan_entry_4, serial_shops, kennysheep_mini,
          nzn_ghost_randoct, mu_enter_wizlab_3,
          nicolae_kikubaaqudgha_miasma_corner, uniq_aizul, uniq_asterion
Depths:3: minmay_broken_ring, layout_cave_pools, abyss_entry,
          minmay_misc_feat_hallway, hell_entry, pan_entry,
          minmay_misc_feat_doors, kennysheep_four_rooms
Depths:4: grunt_bruiser_brothers, layout_gridlike, hellmouth_1,
          minmay_shop_grid_forest, wad_floor_pattern_untrapped,
          grunt_ministairs_10, infiniplex_staircase_pool_lava,
          serial_bayou_shore_a, uniq_jory
Zot:1:    layout_onion, grunt_megastairs_1, uniq_vv
Zot:2:    layout_misc_corridors, st_large_dragon_hoard_3
Zot:3:    layout_basic, ebering_ghost_gozag
Zot:4:    layout_gridville
Zot:5:    layout_basic

Skill      XL: |  1  2  3  4  5  6  7  8  9 10 11 12 13 14 15 16 17 18 19 20 21 22 23 24 25 26 |
---------------+-------------------------------------------------------------------------------+-----
Stealth        | 1 2 3 4 5 6 7 8 10 | 10.0
Dodging        | 2 3 4 6 7 8 9 10 11 12 14 15 16 17 18 19 20 | 20.0
Ranged Weapons | 4 6 7 8 10 11 13 16 18 19 20 21 22 24 | 24.0
Fighting       | 3 4 5 6 7 8 10 11 12 13 14 15 16 17 19 20 | 20.0
Armour         | 2 3 4 5 7 8 10 | 10.0
Polearms       | 3 4 5 7 8 9 11 16 | 16.2
Invocations    | 1 4 6 9 10 11 12 | 12.0
Spellcasting   | 1 3 4 5 7 8 9 10 11 12 13 14 | 14.0
Evocations     | 1 3 4 6 8 9 10 | 10.0
Air Magic      | 1 3 5 7 8 9 10 | 10.0
Conjurations   | 4 6 8 |  8.0
Axes           | 2 5 7 8 |  8.9
Translocations | 4 6 8 9 10 | 10.0

Action                   |  1- 3 |  4- 6 |  7- 9 | 10-12 | 13-15 | 16-18 | 19-21 | 22-24 | 25-27 || total
-------------------------+-------+-------+-------+-------+-------+-------+-------+-------+-------++-------
Melee: Trident           |       |       |       |    97 |     8 |       |       |       |       ||   105
       Kick              |       |       |       |    35 |       |       |       |       |       ||    35
       Punch             |       |       |       |     3 |     1 |       |       |     3 |       ||     7
       Longbow           |       |       |       |       |     3 |       |       |       |       ||     3
       Lance             |       |       |       |       |       |       |       |   104 |   114 ||   218
       Triple crossbow   |       |       |       |       |       |       |       |     2 |     1 ||     3
       Bite              |       |       |       |       |       |       |       |       |    13 ||    13
 Fire: Shortbow          |    62 |   114 |   292 |   616 |   312 |       |       |       |       ||  1396
       Longbow           |       |       |       |       |   708 |     9 |       |       |       ||   717
       Arbalest          |       |       |       |       |    67 |  1258 |  1364 |   746 |       ||  3435
       Triple crossbow   |       |       |       |       |       |       |       |   588 |   676 ||  1264
 Cast: Swiftness         |       |       |       |       |     1 |     2 |     1 |     1 |     2 ||     7
       Lightning Bolt    |       |       |       |       |       |       |     6 |       |     2 ||     8
       Blink             |       |       |       |       |       |       |     3 |     4 |     3 ||    10
       Manifold Assault  |       |       |       |       |       |       |       |     9 |    18 ||    27
       Apportation       |       |       |       |       |       |       |       |     6 |       ||     6
       Conjure Ball Ligh |       |       |       |       |       |       |       |     3 |     3 ||     6
       Passage of Golubr |       |       |       |       |       |       |       |     3 |     8 ||    11
       Freezing Cloud    |       |       |       |       |       |       |       |     2 |     4 ||     6
       Passwall          |       |       |       |       |       |       |       |       |     4 ||     4
Invok: Heroism           |       |       |       |     2 |       |     1 |       |     3 |     4 ||    10
       Finesse           |       |       |       |       |       |       |       |     2 |     3 ||     5
Evoke: Wand              |       |     2 |     1 |     2 |       |     2 |       |       |     2 ||     9
       Condenser vane    |       |       |       |       |       |       |     2 |     1 |       ||     3
  Use: Scroll            |       |     9 |     7 |     8 |    12 |     3 |    12 |     9 |    10 ||    70
       Potion            |       |       |       |    10 |       |       |     1 |     7 |    13 ||    31
 Stab: Distracted        |       |       |       |       |       |       |       |     1 |       ||     1
Armor: Leather armour    |     3 |     3 |       |    66 |    87 |    58 |    76 |    63 |    52 ||   408
       Ring mail         |       |     6 |    33 |    10 |       |       |       |       |       ||    49
       Skin              |       |       |       |    34 |       |       |       |       |       ||    34
Dodge: Dodged            |     8 |    35 |   124 |   348 |   410 |   412 |   411 |   597 |   460 ||  2805
Block: Other             |       |       |       |       |    30 |    71 |    74 |   104 |    48 ||   327
       Reflection        |       |       |       |       |     2 |    15 |    17 |    11 |       ||    45
